 Dungeon Crawl Stone Soup version 0.31-a0-1589-g8f5e8aebd6 (webtiles) character file.

Game seed: 17948663749653989785

177 monsoonserge the Sneak (level 5, -3/28 HPs)
             Began as a Vampire Enchanter on Jan 6, 2024.
             Slain by a hound (4 damage)
             ... on level 3 of the Dungeon.
             The game lasted 00:07:44 (2025 turns).

monsoonserge the Sneak (Vampire Enchanter)          Turns: 2025, Time: 00:07:45

Health: -3/28      AC:  3    Str:  7    XL:     5   Next: 31%
Magic:  0/8        EV: 12    Int: 19    God:
Gold:   35         SH:  0    Dex: 15    Spells: 4/9 levels left

rFire   . . .        a - +1 dagger
rCold   + + .        (no shield)
rNeg    + + +        b - +0 robe
rPois   ∞            (no helmet)
rElec   .            j - +0 cloak
rCorr   .            (no gloves)
SInv    +            (no boots)
Will    .....        (no amulet)
Stlth   +++++        g - ring of flight
HPRegen 0.00/turn    (no ring)
MPRegen 0.11/turn

%: no passive effects
@: mighty, flying, very slightly contaminated, bloodless, inhibited regen
A: bloodless, fangs 3, see invisible, vampiric 2
a: Bat Form, Revivify


You were on level 3 of the Dungeon.
You visited 1 branch of the dungeon, and saw 3 of its levels.

You collected 126 gold pieces.
You spent 91 gold pieces at shops.

Inventory:

Hand Weapons
 a - a +1 dagger (weapon)
 s - the +9 mace "Muvuir" {flame, Fly rC++}
   (You found it on level 3 of the Dungeon)

   rC++:      It greatly protects you from cold.
   Fly:       It grants you flight.
Missiles
 h - 6 boomerangs
 i - 2 poisoned darts (quivered)
Armour
 b - a +0 robe (worn)
 j - a +0 cloak (worn)
Jewellery
 g - a ring of flight (left hand)
 r - the ring "Izxule" {rElec rN+ rCorr Str+4 Int-5}
   (You found it on level 3 of the Dungeon)

   [ring of positive energy]

   Str+4:     It affects your strength (+4).
   Int-5:     It affects your intelligence (-5).
   rElec:     It insulates you from electricity.
   rN+:       It protects you from negative energy.
   rCorr:     It protects you from acid and corrosion.
Wands
 t - a wand of flame (22)
Scrolls
 d - 2 scrolls of identify {unknown}
 e - 5 scrolls of teleportation
 f - 2 scrolls of brand weapon {unknown}
 k - a scroll of poison {unknown}
 o - a scroll of revelation {unknown}
 p - a scroll of fear
Potions
 c - 2 potions of invisibility
 l - a potion of curing {unknown}
 m - a potion of haste {unknown}
 n - 2 potions of might
 q - 2 potions of heal wounds {unknown}


   Skills:
 + Level 0.5 Fighting
 * Level 3.2 Short Blades
 + Level 2.5 Dodging
 + Level 6.2 Stealth
 + Level 2.5 Spellcasting
 + Level 5.2 Hexes
 - Level 1.0 Ice Magic


You had 4 spell levels left.
You knew the following spells:

 Your Spells              Type           Power      Damage    Failure   Level
a - Confusing Touch       Hex            22%        N/A       5%          3
b - Ensorcelled Hibernat  Hex/Ice        28%        N/A       7%          2

Your spell library contained the following spells:

 Spells                   Type           Power      Damage    Failure   Level
 Tukima's Dance           Hex            22%        N/A       5%          3
 Dazzling Flash           Conj/Hex       24%        N/A       16%         3
 Animate Dead             Necr           2%         N/A       85%         4
 Haunt                    Necr/Summ      1%         N/A       100%        7
 Infestation              Necr           1%         N/A       100%        8


Dungeon Overview and Level Annotations

Branches:
Dungeon (3/15)

Altars:

Shops:
D:2 ?

Annotations:
D:3 3 runed translucent doors, Dordric's ghost, amateur DrSh


Innate Abilities, Weirdness & Mutations

You do not regenerate when monsters are visible.
You are frail without blood (-20% HP).
You can heal yourself when you bite living creatures.
You are immune to poison.
You have razor-sharp teeth.
You have supernaturally acute eyesight. (SInv)
You are afflicted with vampirism and can become a bat while bloodless.


Message History

The gnoll closely misses you. The hound barely misses you.
Casting: Ensorcelled Hibernation (safe; 7% risk of failure)
Confirm with . or Enter, or press ? or * to list all spells.
Aiming: Ensorcelled Hibernation (safe; 7% risk of failure)
Press: ? - help, Shift-Dir - straight line, f/p - hound
Aim: a hound (chance to affect: 56%)
The hound looks drowsy...
The gnoll closely misses you.
The helpless hound fails to defend itself.
You bite the hound, and draw its blood!
You feel better.
You impale the hound!!
You kill the hound!
The gnoll hits you from afar with a +0 spear!
Your Stealth skill increases to level 6!
Casting: Ensorcelled Hibernation (safe; 7% risk of failure)
Confirm with . or Enter, or press ? or * to list all spells.
Aiming: Ensorcelled Hibernation (safe; 7% risk of failure)
Press: ? - help, Shift-Dir - straight line, f - hound
Aim: a hound (chance to affect: 56%)
You miscast Ensorcelled Hibernation.
You are very lightly contaminated with residual magic.
Nothing appears to happen.
The hound closely misses you.
The gnoll hits you from afar with a +0 spear.
Casting: Ensorcelled Hibernation (safe; 7% risk of failure)
Confirm with . or Enter, or press ? or * to list all spells.
Aiming: Ensorcelled Hibernation (safe; 7% risk of failure)
Press: ? - help, Shift-Dir - straight line, f/p - hound
Aim: a hound (chance to affect: 56%)
The hound resists with significant effort.
The hound closely misses you.
The gnoll hits you from afar with a +0 spear.
The hound bites you.
You hit the hound.
The hound is lightly wounded.
The hound bites you but does no damage.
The gnoll hits you from afar with a +0 spear!
* * * LOW HITPOINT WARNING * * *
Unknown command.
It was a potion of might.
You feel very mighty all of a sudden. The hound bites you.
You die...

#........## #..........
#........####
######............
+...##........##..
#...#............. ##
+.g #.............
....###h###.............
......P@P....##...##....
.............##...####..
.....(.......##...#.....
........................
........................
).......................
.........##........#####
....#######........# ...
#........#


You could see a hound and a gnoll.

Vanquished Creatures
  A hound (D:3)
  Natasha (thrice) (D:2)
  An adder (D:2)
  4 dart slugs
  2 ribbon worms
  4 bats
  2 endoplasms (D:2)
  2 giant cockroaches
  10 goblins
  2 jackals (D:1)
  8 kobolds
  3 quokkas
  3 ball pythons
  4 frilled lizards (D:1)
  6 rats
55 creatures vanquished.

Notes
Turn   | Place    | Note
-------+----------+-------------------------------------------
     0 | D:1      | monsoonserge the Vampire Enchanter began the quest for the
                  | Orb.
     0 | D:1      | Reached XP level 1. HP: 13/13 MP: 3/3
   305 | D:1      | Reached XP level 2. HP: 9/15 MP: 5/5
   309 | D:1      | Learned a level 2 spell: Ensorcelled Hibernation
   317 | D:1      | Reached skill level 5 in Hexes
   733 | D:1      | Gained mutation: You are afflicted with vampirism and can
                  | become a bat while bloodless. [Vampire growth]
   733 | D:1      | Reached XP level 3. HP: 19/19 MP: 6/6
   742 | D:1      | Learned a level 3 spell: Confusing Touch
   912 | D:1      | Reached skill level 5 in Stealth
  1313 | D:2      | Noticed Natasha
  1320 | D:2      | Killed Natasha
  1321 | D:2      | Reached XP level 4. HP: 24/24 MP: 4/7
  1423 | D:2      | Reached skill level 1 in Ice Magic
  1429 | D:2      | Found Caunkyod's Magic Scroll Emporium.
  1434 | D:2      | Bought a scroll of fear for 52 gold pieces
  1434 | D:2      | Bought a scroll of teleportation for 39 gold pieces
  1455 | D:2      | Noticed Natasha
  1463 | D:2      | Killed Natasha
  1639 | D:2      | Noticed Natasha
  1649 | D:2      | Killed Natasha
  1650 | D:2      | Reached XP level 5. HP: 25/28 MP: 1/8
  1744 | D:3      | Found a runed translucent gate.
  1749 | D:3      | Found a runed translucent gate.
  1749 | D:3      | Found a runed translucent gate.
  1752 | D:3      | Noticed Dordric's ghost (amateur DrSh)
  1910 | D:3      | Identified the ring "Izxule" {rElec rN+ rCorr Str+4 Int-5}
  1970 | D:3      | Identified the +9 mace "Muvuir" {flame, Fly rC++}
  2022 | D:3      | Reached skill level 6 in Stealth
  2024 | D:3      | HP: 1/28 [gnoll/+0 spear (9)]
  2025 | D:3      | Slain by a hound

Illustrated notes

Levels and vault maps discovered:
D:1:      psy_arrival_statuary, layout_loops_corners
D:2:      layout_basic, serial_corexii_hall, chequers_hall_statues_corner_a,
          chequers_hall_statues_wall_a, chequers_hall_statues_wall_a,
          corexii_hall_statues_s, serial_shops, shop, minmay_pentomino_p4,
          uniq_natasha
D:3:      layout_basic, gammafunk_ghost_nasty_kobolds,
          shapermc_ecumenical_altar_petra, cheibrodos_gnoll_hut

Skill      XL: |  1  2  3  4  5 |
---------------+----------------+-----
Hexes          | 5 |  5.2
Stealth        | 5 6 |  6.2
Short Blades   | 2 3 |  3.2
Ice Magic      | 1 |  1.0
Fighting       | |  0.5
Dodging        | |  2.5
Spellcasting   | |  2.5

Action                     |  1- 3 |  4- 6 || total
---------------------------+-------+-------++-------
  Melee: Dagger            |    96 |    21 ||   117
         Bite              |     8 |     1 ||     9
         Punch             |     1 |       ||     1
   Cast: Ensorcelled Hiber |     4 |     9 ||    13
Ability: Exsanguinate      |     1 |       ||     1
    Use: Potion            |       |     1 ||     1
   Stab: Sleeping          |    21 |    11 ||    32
 Armour: Robe              |    34 |    12 ||    46
  Dodge: Dodged            |    41 |    12 ||    53

Table legend: (Time is in decaauts)
 A = Elapsed time spent in this place.
 B = Non-inter-level travel time spent in this place.
 C = Inter-level travel time spent in this place.
 D = Time resting spent in this place.
 E = Time spent auto-exploring this place.
 F = Levels seen in this place.
 G = Mean time per level.
                   A        B        C        D        E       F      G
               +--------+--------+--------+--------+--------+-----+--------+
         Total |   2017 |   1977 |     40 |     34 |   1239 |   3 |  672.3 |
       Dungeon |   2017 |   1977 |     40 |     34 |   1239 |   3 |  672.3 |
               +--------+--------+--------+--------+--------+-----+--------+

Top non-repeatable levels by time:
     D:1: 1018 daAuts
     D:2: 717 daAuts
     D:3: 281 daAuts
